SNL (28 & UNDER)
SANTA FE DIABLOS @ WICHITA WRANGLERS
07/17/2023
 
TOP OF THE 1ST
Santa Fe Diablos batting - Pitching for Wichita Wranglers : RHP Alfonso Ortíz
Pitching: RHP Alfonso Ortíz
Batting: RHB Arnold Harmon 0-0: Foul Ball, location: 2F
0-1: Fly out, F8 (Flyball, 8LM)
Batting: LHB Juan Ontiveros 0-0: TRIPLE (Line Drive, 7LM)
Batting: RHB Iván Gonzáles 0-0: DOUBLE (Line Drive, 7LM)
Juan Ontiveros scores
Batting: SHB António Hernández 0-0: Ball
1-0: Called Strike
1-1: Ball
2-1: Called Strike
2-2: Ball
3-2: Strikes out swinging
Batting: RHB Wallace Greene 0-0: Foul Ball, location: 2F
0-1: Swinging Strike
0-2: Ball
1-2: Strikes out swinging
Top of the 1st over - 1 run(s), 2 hit(s), 0 error(s), 1 left on base; Santa Fe 1 - Wichita 0
BOTTOM OF THE 1ST
Wichita Wranglers batting - Pitching for Santa Fe Diablos : RHP Honorato Mota
Pitching: RHP Honorato Mota
Batting: SHB Martín Medina 0-0: Ball
1-0: Foul Ball, location: 2F
1-1: Called Strike
1-2: Fly out, F8 (Flyball, 78M)
Batting: RHB António Gonzáles 0-0: Foul Ball, location: 2F
0-1: Ball
1-1: Foul Ball, location: 2F
1-2: Strikes out swinging
Batting: RHB Don Thomas 0-0: Ball
1-0: Called Strike
1-1: Fly out, F9 (Flyball, 9M)
Bottom of the 1st over - 0 run(s), 0 hit(s), 0 error(s), 0 left on base; Santa Fe 1 - Wichita 0
TOP OF THE 2ND
Santa Fe Diablos batting - Pitching for Wichita Wranglers : RHP Alfonso Ortíz
Batting: LHB Roberto Sandoval 0-0: Called Strike
0-1: Ball
1-1: Foul Ball, location: 2F
1-2: SINGLE (Flyball, 6MD)
Batting: LHB Don Soper 0-0: Called Strike
0-1: Ball
1-1: Swinging Strike
1-2: Strikes out looking
Batting: LHB Víctor Carrillo 0-0: Ball
Wild Pitch!
Roberto Sandoval to second
1-0: Ball
Wild Pitch!
Roberto Sandoval to third
2-0: Called Strike
2-1: Foul Ball, location: 2F
2-2: Strikes out swinging
Batting: RHB Henning Huisman 0-0: Called Strike
0-1: Swinging Strike
0-2: Strikes out looking
Top of the 2nd over - 0 run(s), 1 hit(s), 0 error(s), 1 left on base; Santa Fe 1 - Wichita 0
BOTTOM OF THE 2ND
Wichita Wranglers batting - Pitching for Santa Fe Diablos : RHP Honorato Mota
Batting: RHB Bob Hall 0-0: Ball
1-0: Swinging Strike
1-1: Ball
2-1: Fly out, F6 (Line Drive, 6)
Batting: RHB George Clark 0-0: Foul Ball, location: 2F
0-1: Ball
1-1: Ball
2-1: Foul Ball, location: 2F
2-2: Foul Ball, location: 2F
2-2: Ball
3-2: Base on Balls
Batting: LHB Mario Cornelo 0-0: Fly out, F7 (Flyball, 78M)
Batting: RHB Anthony Rucker 0-0: Called Strike
0-1: Ball
1-1: Called Strike
1-2: Strikes out swinging
Bottom of the 2nd over - 0 run(s), 0 hit(s), 0 error(s), 1 left on base; Santa Fe 1 - Wichita 0
TOP OF THE 3RD
Santa Fe Diablos batting - Pitching for Wichita Wranglers : RHP Alfonso Ortíz
Batting: RHB Arnold Harmon 0-0: Ball
1-0: Bunt for hit - play at first, batter OUT! 2-3
Batting: LHB Juan Ontiveros 0-0: Ground out 4-3 (Groundball, 4)
Batting: RHB Iván Gonzáles 0-0: Called Strike
0-1: Foul Ball, location: 2F
0-2: SINGLE (Line Drive, 89S)
Batting: SHB António Hernández 0-0: Ground out U3 (Groundball, 3S)
Top of the 3rd over - 0 run(s), 1 hit(s), 0 error(s), 1 left on base; Santa Fe 1 - Wichita 0
BOTTOM OF THE 3RD
Wichita Wranglers batting - Pitching for Santa Fe Diablos : RHP Honorato Mota
Batting: RHB Andrés Lara 0-0: Called Strike
0-1: Swinging Strike
0-2: Ball
1-2: Foul Ball, location: 2F
1-2: Ground out 5-3 (Groundball, 56S)
Batting: RHB Dave Henderson 0-0: Ground out 1-3 (Groundball, 13S)
Batting: SHB Martín Medina 0-0: Called Strike
0-1: Ball
1-1: Ball
2-1: SOLO HOME RUN (Line Drive, 7D), Distance : 369 ft
Batting: RHB António Gonzáles 0-0: Foul Ball, location: 2F
0-1: Swinging Strike
0-2: Strikes out swinging
Bottom of the 3rd over - 1 run(s), 1 hit(s), 0 error(s), 0 left on base; Santa Fe 1 - Wichita 1
TOP OF THE 4TH
Santa Fe Diablos batting - Pitching for Wichita Wranglers : RHP Alfonso Ortíz
Batting: RHB Wallace Greene 0-0: Ball
1-0: Ball
2-0: Ball
3-0: Base on Balls
Batting: LHB Roberto Sandoval 0-0: Ball
1-0: Swinging Strike
1-1: Fly out, F5 (Popup, 5S)
Batting: LHB Don Soper 0-0: Fielders Choice at 2nd, 1-6 (Groundball, 13S)
Batting: LHB Víctor Carrillo 0-0: Called Strike
0-1: Fly out, F7 (Flyball, 7M)
Top of the 4th over - 0 run(s), 0 hit(s), 0 error(s), 1 left on base; Santa Fe 1 - Wichita 1
BOTTOM OF THE 4TH
Wichita Wranglers batting - Pitching for Santa Fe Diablos : RHP Honorato Mota
Batting: RHB Don Thomas 0-0: Ball
1-0: Called Strike
1-1: Reached on error, E6 (Groundball, 6)
Batting: RHB Bob Hall 0-0: Ball
Pickoff Throw to First - Out!
1-0: Called Strike
1-1: Called Strike
1-2: Strikes out swinging
Batting: RHB George Clark 0-0: Ball
1-0: Ball
2-0: Ball
3-0: Called Strike
3-1: Base on Balls
Batting: LHB Mario Cornelo 0-0: Called Strike
0-1: Foul Ball, location: 2F
0-2: Ball
1-2: Ball
2-2: Ball
3-2: SINGLE (Groundball, 34D)
George Clark to second
George Clark to third
Batting: RHB Anthony Rucker 0-0: Foul Ball, location: 2F
0-1: Fly out, F4 (Popup, 89S)
Bottom of the 4th over - 0 run(s), 1 hit(s), 1 error(s), 2 left on base; Santa Fe 1 - Wichita 1
TOP OF THE 5TH
Santa Fe Diablos batting - Pitching for Wichita Wranglers : RHP Alfonso Ortíz
Batting: RHB Henning Huisman 0-0: Ball
1-0: Called Strike
1-1: Ball
2-1: Ball
3-1: Swinging Strike
3-2: Base on Balls
Batting: RHB Arnold Harmon 0-0: Ball
1-0: Called Strike
1-1: Swinging Strike
1-2: Foul Ball, location: 2F
1-2: Foul Ball, location: 2F
1-2: Ball
Wild Pitch!
Henning Huisman to second
2-2: Ball
3-2: Base on Balls
Batting: LHB Juan Ontiveros 0-0: Ball
1-0: SINGLE (Line Drive, 34)
Henning Huisman to third
Arnold Harmon to second
Runner from 3rd tries for Home, SAFE, no throw or cutoff
Batting: RHB Iván Gonzáles 0-0: Called Strike
0-1: Ball
1-1: Fly out, F4 (Popup, 4M)
Batting: SHB António Hernández 0-0: Foul Ball, location: 2F
0-1: Swinging Strike
0-2: Hit by Pitch
Arnold Harmon to third
Juan Ontiveros to second
Batting: RHB Wallace Greene 0-0: Called Strike
0-1: Foul Ball, location: 2F
0-2: Ball
1-2: Foul Ball, location: 2F
1-2: Ball
2-2: Ball
3-2: Base on Balls
Arnold Harmon scores
Juan Ontiveros to third
António Hernández to second
Batting: LHB Roberto Sandoval 0-0: Foul Ball, location: 2F
0-1: Ball
1-1: Called Strike
1-2: Ball
2-2: Strikes out swinging
Batting: LHB Don Soper 0-0: Foul Ball, location: 2F
0-1: Ball
1-1: Ball
2-1: Fly out, F9 (Flyball, 89M)
Top of the 5th over - 2 run(s), 1 hit(s), 0 error(s), 3 left on base; Santa Fe 3 - Wichita 1
BOTTOM OF THE 5TH
Wichita Wranglers batting - Pitching for Santa Fe Diablos : RHP Honorato Mota
Batting: RHB Andrés Lara 0-0: Called Strike
0-1: Ball
1-1: Foul Ball, location: 2F
1-2: Foul Ball, location: 2F
1-2: Ball
2-2: Foul Ball, location: 2F
2-2: SINGLE (Flyball, 8LS)
Batting: RHB Dave Henderson 0-0: DOUBLE (Line Drive, 78M)
Andrés Lara to third
Batting: SHB Martín Medina 0-0: Called Strike
0-1: Swinging Strike
0-2: Ground out 4-3 (Groundball, 4MS)
Andrés Lara scores
Dave Henderson to third
Batting: RHB António Gonzáles 0-0: Ball
1-0: Ball
2-0: Called Strike
2-1: Ball
3-1: Fly out, F7 (Line Drive, 78M)
Runner from 3rd tags up, SCORES, throw made
Batting: RHB Don Thomas 0-0: Fly out, F8 (Flyball, 8LD)
Bottom of the 5th over - 2 run(s), 2 hit(s), 0 error(s), 0 left on base; Santa Fe 3 - Wichita 3
TOP OF THE 6TH
Santa Fe Diablos batting - Pitching for Wichita Wranglers : RHP Alfonso Ortíz
Batting: LHB Víctor Carrillo 0-0: Foul Ball, location: 2F
0-1: Ball
1-1: Ball
2-1: Fly out, F8 (Flyball, 78M)
Batting: RHB Henning Huisman 0-0: Ball
1-0: Ground out 4-3 (Groundball, 4S)
Batting: RHB Arnold Harmon 0-0: Fly out, F9 (Flyball, 9LM)
Top of the 6th over - 0 run(s), 0 hit(s), 0 error(s), 0 left on base; Santa Fe 3 - Wichita 3
BOTTOM OF THE 6TH
Wichita Wranglers batting - Pitching for Santa Fe Diablos : RHP Honorato Mota
Batting: RHB Bob Hall 0-0: Called Strike
0-1: Ball
1-1: Called Strike
1-2: Ball
2-2: DOUBLE (Flyball, 89D)
Batting: RHB George Clark 0-0: Called Strike
0-1: Called Strike
0-2: Strikes out swinging
Batting: LHB Mario Cornelo 0-0: Ball
1-0: Ball
2-0: Called Strike
2-1: Ball
3-1: Called Strike
3-2: Foul Ball, location: 2F
3-2: Fly out, F9 (Flyball, 9LD)
Runner from 2nd tags up, SAFE at 3rd, no throw
Batting: RHB Anthony Rucker 0-0: Called Strike
0-1: Fly out, F4 (Popup, 4M)
Bottom of the 6th over - 0 run(s), 1 hit(s), 0 error(s), 1 left on base; Santa Fe 3 - Wichita 3
TOP OF THE 7TH
Santa Fe Diablos batting - Pitching for Wichita Wranglers : RHP Alfonso Ortíz
Batting: LHB Juan Ontiveros 0-0: Foul Ball, location: 2F
0-1: Ball
1-1: Ball
2-1: Swinging Strike
2-2: Ball
3-2: Foul Ball, location: 2F
3-2: Ground out 4-3 (Groundball, 34)
Pitching: RHP Eric Hunt
Batting: RHB Iván Gonzáles 0-0: Ball
1-0: Ball
2-0: Fly out, F7 (Flyball, 7LM)
Batting: SHB António Hernández 0-0: Called Strike
0-1: Ball
1-1: TRIPLE (Groundball, 3D)
Batting: RHB Wallace Greene 0-0: Called Strike
0-1: Called Strike
0-2: Ball
1-2: Foul Ball, location: 2F
1-2: Ball
2-2: Strikes out swinging
Top of the 7th over - 0 run(s), 1 hit(s), 0 error(s), 1 left on base; Santa Fe 3 - Wichita 3
BOTTOM OF THE 7TH
Wichita Wranglers batting - Pitching for Santa Fe Diablos : RHP Honorato Mota
Pitching: LHP Jerry Beck
Pinch Hitting: RHB Cho-yun Qiao 0-0: Ball
1-0: Ground out 4-3 (Groundball, 13)
Pinch Hitting: RHB Javier Coronado 0-0: Called Strike
0-1: Called Strike
0-2: Foul Ball, location: 2F
0-2: Fly out, F9 (Line Drive, 9D)
Batting: SHB Martín Medina 0-0: Called Strike
0-1: Ground out 6-3 (Groundball, 6)
Bottom of the 7th over - 0 run(s), 0 hit(s), 0 error(s), 0 left on base; Santa Fe 3 - Wichita 3
TOP OF THE 8TH
Santa Fe Diablos batting - Pitching for Wichita Wranglers : RHP Eric Hunt
Now at 2B: Javier Coronado
Now in RF: Cho-yun Qiao
Batting: LHB Roberto Sandoval 0-0: Ball
1-0: Ball
2-0: Fly out, F8 (Flyball, 8RD)
Pinch Hitting: RHB Robert Johnson 0-0: Ball
1-0: Called Strike
1-1: Swinging Strike
1-2: SINGLE (Groundball, 4M)
Pinch Runner at 1st Gerardo Álvarez:
Batting: LHB Víctor Carrillo 0-0: Ball
Gerardo Álvarez steals 2nd base
1-0: Intentional Walk
Pinch Hitting: RHB Robinson Pacheco 0-0: Called Strike
Gerardo Álvarez steals 3rd base
Víctor Carrillo to second
0-1: Ball
1-1: Intentional Walk
Batting: RHB Arnold Harmon 0-0: Called Strike
0-1: Ball
1-1: Ball
2-1: Foul Ball, location: 2F
2-2: Strikes out looking
Pitching: LHP Tommy Campbell
Pinch Hitting: RHB Bill Finley 0-0: Called Strike
0-1: Ball
1-1: Fly out, F9 (Flyball, 89M)
Top of the 8th over - 0 run(s), 1 hit(s), 0 error(s), 3 left on base; Santa Fe 3 - Wichita 3
BOTTOM OF THE 8TH
Wichita Wranglers batting - Pitching for Santa Fe Diablos : LHP Jerry Beck
Now at SS: Robinson Pacheco
Now in LF: Gerardo Álvarez
Now in RF: Keith Jones
Batting: RHB António Gonzáles 0-0: Called Strike
0-1: Ground out 6-3 (Groundball, 6)
Batting: RHB Don Thomas 0-0: Foul Ball, location: 2F
0-1: Foul Ball, location: 2F
0-2: Ball
1-2: SINGLE (Groundball, 56)
Batting: RHB Bob Hall 0-0: Ball
1-0: Swinging Strike
1-1: Foul Ball, location: 2F
1-2: Ball
2-2: Foul Ball, location: 2F
2-2: Ball
3-2: Foul Ball, location: 2F
3-2: DOUBLE (Line Drive, 7LD)
Don Thomas to third
Batting: RHB George Clark 0-0: Ball
1-0: Foul Ball, location: 2F
1-1: Foul Ball, location: 2F
1-2: Ball
2-2: Ball
3-2: Base on Balls
Pinch Hitting: RHB Felipe Rivas 0-0: Ball
1-0: Ball
2-0: Called Strike
2-1: Fly out, F3 (Popup, 3F)
Batting: RHB Anthony Rucker 0-0: Ball
1-0: Foul Ball, location: 2F
1-1: Ball
2-1: Fly out, F8 (Flyball, 8LM)
Bottom of the 8th over - 0 run(s), 2 hit(s), 0 error(s), 3 left on base; Santa Fe 3 - Wichita 3
TOP OF THE 9TH
Santa Fe Diablos batting - Pitching for Wichita Wranglers : LHP Tommy Campbell
Pitching: RHP Clark Edwards
Now at SS: Felipe Lópes
Batting: RHB Iván Gonzáles 0-0: Called Strike
0-1: Swinging Strike
0-2: Ball
1-2: Fly out, F9 (Flyball, 9LM)
Batting: SHB António Hernández 0-0: Ball
1-0: Called Strike
1-1: Fly out, F6 (Line Drive, 6)
Batting: RHB Wallace Greene 0-0: Fly out, F9 (Flyball, 9M)
Top of the 9th over - 0 run(s), 0 hit(s), 0 error(s), 0 left on base; Santa Fe 3 - Wichita 3
BOTTOM OF THE 9TH
Wichita Wranglers batting - Pitching for Santa Fe Diablos : LHP Jerry Beck
Pitching: RHP Tex Perkins
Batting: RHB Cho-yun Qiao 0-0: Ball
1-0: Ball
2-0: Ball
3-0: Base on Balls
Pinch Hitting: SHB Javier Peńa 0-0: Sac Bunt - play at first, batter OUT! 4-3
Cho-yun Qiao to second
Batting: SHB Martín Medina 0-0: Swinging Strike
0-1: Foul Ball, location: 2F
0-2: Ball
1-2: Strikes out swinging
Batting: RHB António Gonzáles 0-0: Ball
1-0: Ground out 6-3 (Groundball, 6)
Bottom of the 9th over - 0 run(s), 0 hit(s), 0 error(s), 1 left on base; Santa Fe 3 - Wichita 3
TOP OF THE 10TH
Santa Fe Diablos batting - Pitching for Wichita Wranglers : RHP Clark Edwards
Now at 2B: Luis Sánchez
Batting: LHB Roberto Sandoval 0-0: Called Strike
0-1: Ball
1-1: Ball
2-1: Ball
3-1: Base on Balls
Batting: RHB Gerardo Álvarez 0-0: Called Strike
0-1: Sac Bunt - play at first, batter OUT! 2-4
Roberto Sandoval to second
Batting: LHB Víctor Carrillo 0-0: Called Strike
0-1: Swinging Strike
0-2: Ball
1-2: Foul Ball, location: 2F
1-2: Foul Ball, location: 2F
1-2: Ball
2-2: Foul Ball, location: 2F
2-2: Ball
3-2: Fly out, F6 (Line Drive, 6D)
Batting: RHB Robinson Pacheco 0-0: Intentional Walk
Batting: RHB Arnold Harmon 0-0: Called Strike
0-1: Foul Ball, location: 2F
0-2: Strikes out swinging
Top of the 10th over - 0 run(s), 0 hit(s), 0 error(s), 2 left on base; Santa Fe 3 - Wichita 3
BOTTOM OF THE 10TH
Wichita Wranglers batting - Pitching for Santa Fe Diablos : RHP Tex Perkins
Batting: RHB Don Thomas 0-0: Ball
1-0: Called Strike
1-1: Ball
2-1: Foul Ball, location: 2F
2-2: Ball
3-2: Base on Balls
Batting: RHB Bob Hall 0-0: Ball
1-0: Swinging Strike
1-1: Foul Ball, location: 2F
1-2: Ground out 5-3 (Groundball, 5S)
Don Thomas to second
Batting: RHB George Clark 0-0: Ball
1-0: Called Strike
1-1: Foul Ball, location: 2F
1-2: Strikes out swinging
Batting: RHB Felipe Lópes 0-0: Swinging Strike
0-1: Ball
1-1: Ball
2-1: Swinging Strike
2-2: Ball
3-2: Foul Ball, location: 2F
3-2: Strikes out looking
Bottom of the 10th over - 0 run(s), 0 hit(s), 0 error(s), 1 left on base; Santa Fe 3 - Wichita 3
TOP OF THE 11TH
Santa Fe Diablos batting - Pitching for Wichita Wranglers : RHP Clark Edwards
Pitching: RHP Pedro Martínez
Pinch Hitting: RHB Júlio López 0-0: Ball
1-0: Ball
2-0: Ground out 4-3 (Groundball, 4)
Batting: RHB Iván Gonzáles 0-0: Called Strike
0-1: Ball
1-1: SINGLE (Line Drive, 89S)
Batting: SHB António Hernández 0-0: Ball
1-0: Ball
Wild Pitch!
Iván Gonzáles to second
2-0: Called Strike
2-1: Foul Ball, location: 2F
2-2: Ball
3-2: Strikes out swinging
Batting: RHB Wallace Greene 0-0: Called Strike
0-1: Swinging Strike
0-2: Ball
1-2: Ball
2-2: Fly out, F8 (Line Drive, 8RD)
Top of the 11th over - 0 run(s), 1 hit(s), 0 error(s), 1 left on base; Santa Fe 3 - Wichita 3
BOTTOM OF THE 11TH
Wichita Wranglers batting - Pitching for Santa Fe Diablos : RHP Tex Perkins
Pitching: RHP Bartolo Muńóz
Now in RF: Richard Wilkins
Batting: RHB Anthony Rucker 0-0: Called Strike
0-1: Swinging Strike
0-2: Ball
1-2: Ball
2-2: SOLO HOME RUN (Flyball, 7D), Distance : 367 ft
This league is powered by Out of the Park Baseball, the baseball management simulation game for PC, Mac and Linux
Wednesday, December 2nd, 2015 - OOTP Baseball 16.8 Build 38